 Dungeon Sprint DCSS version 0.17-a0-1674-g2b13139 (webtiles) character file.

70 Kidiri the Sneak (level 4, -11/21 HPs)
             Began as a Spriggan Enchanter on Aug 18, 2015.
             Mangled by a water elemental (21 damage)
             ... in the Dungeon (Sprint III: "The Ten Rune Challenge").
             The game lasted 00:01:51 (164 turns).

Kidiri the Sneak (Spriggan Enchanter)                Turns: 164, Time: 00:01:51

Health: -11/21     AC:  3    Str:  4    XL:     4   Next: 3%
Magic:  3/12       EV: 22    Int: 16    God:
Gold:   32         SH:  0    Dex: 17    Spells: 5 memorised, 1 level left

rFire  . . .     SeeInvis +     a - +1 dagger
rCold  . . .     Clarity  .     b - +1 robe
rNeg   . . .     SustAt   .     (shield restricted)
rPois  .         Gourm    .     (helmet restricted)
rElec  .         Spirit   .     (no cloak)
rCorr  .         Warding  .     (gloves unavailable)
rMut   .         NoTele   +     (boots unavailable)
MR     .....                    (no amulet)
Stlth  ++++......               (no ring)
                                (no ring)

@: very slightly contaminated, very quick, not resistant to hostile
enchantments, stealthy
A: unfitting armour, see invisible, herbivore 3, speed 3, slow metabolism 2
a: no special abilities


You were in the Dungeon.
You were not hungry.

You visited 1 branch You collected 32 gold pieces.

Inventory:

Hand weapons
 a - a +1 dagger (weapon)
Armour
 b - a +1 robe (worn)
Scrolls
 j - a scroll of blinking
 l - a scroll of holy word
 n - 4 scrolls of remove curse
 r - a scroll of torment
Potions
 e - 2 potions of curing
 f - a potion of heal wounds
 g - a potion of haste
 h - 2 potions of magic
 i - a potion of berserk rage
 p - a potion of cure mutation
 q - 4 potions of flight
Comestibles
 d - a bread ration
 o - a royal jelly
 s - 4 fruits


   Skills:
 + Level 2.9 Short Blades
 * Level 6.3 Dodging
 * Level 7.5 Stealth
 * Level 5.3 Spellcasting
 + Level 0.3 Conjurations
 + Level 4.7 Hexes
 + Level 0.5 Ice Magic


You had one spell level left.
You knew the following spells:

 Your Spells              Type           Power        Failure   Level  Hunger
a - Corona                Hex            ###....      1%          1    None
b - Ensorcelled Hibernat  Hex/Ice        ##....       10%         2    #......
c - Confuse               Hex            ###.....     8%          3    ###....
d - Tukima's Dance        Hex            ###.....     8%          3    ###....
e - Dazzling Spray        Conj/Hex       ##......     17%         3    ###....


Dungeon Overview and Level Annotations

Branches:
Dungeon (1/1)

Altars:


Innate Abilities, Weirdness & Mutations

You are tiny and cannot use many weapons and most armour.
You have supernaturally acute eyesight.
You are a herbivore.
You cover ground extremely quickly.
You need consume almost no food.


Message History

The spray of energy hits the water elemental.
The water elemental is moderately damaged.
Casting: Dazzling Spray
Confirm with . or Enter, or press ? or * to list all spells.
Aiming: Dazzling Spray
Press: ? - help, Shift-Dir - straight line, f/p - water elemental
Aim: a water elemental (moderately damaged)
The spray of energy hits the water elemental.
The water elemental is moderately damaged.
Casting: Dazzling Spray
Confirm with . or Enter, or press ? or * to list all spells.
Aiming: Dazzling Spray
Press: ? - help, Shift-Dir - straight line, f/p - water elemental
Aim: a water elemental (moderately damaged)
You miscast Dazzling Spray.
You are very lightly contaminated with residual magic.
The air around you crackles with energy!
The water elemental hits you!!
Ouch! That really hurt!
You die...

▓...#......#####..#
▓..##.......#:.#..#
▓##.##.##...#..#..###+#+##
##.##.###..##+#..#.......
▓#.####.##..###...'.⌠.....
▓.###..##..####%..#...####
▓#.....##%.###....#.⌠.#
###..##...##.....#...#
##%.##....#@E....#+###
#..###..##.#..%..# #..#
#..#####....# ▓▓▓▓ ▓▓▓▓
▓▓▓▓▓▓


You could see a water elemental.

Vanquished Creatures
  A scorpion (D)
  A human (D)
  4 rats (D)
6 creatures vanquished.

Notes
Turn   | Place    | Note
--------------------------------------------------------------
     0 | D        | Kidiri the Spriggan Enchanter began the quest for the Orb.
     0 | D        | Reached XP level 1. HP: 9/9 MP: 5/5
    48 | D        | Noticed a scorpion
    51 | D        | Killed a scorpion
    51 | D        | Reached skill level 5 in Dodging
    51 | D        | Reached skill level 7 in Stealth
    51 | D        | Reached skill level 5 in Spellcasting
    51 | D        | Reached XP level 2. HP: 13/13 MP: 6/9
    51 | D        | Reached XP level 3. HP: 16/16 MP: 6/10
    89 | D        | Learned a level 2 spell: Ensorcelled Hibernation
    93 | D        | Learned a level 3 spell: Confuse
    97 | D        | Learned a level 3 spell: Tukima's Dance
   101 | D        | Learned a level 3 spell: Dazzling Spray
   107 | D        | Reached XP level 4. HP: 21/21 MP: 9/12
   134 | D        | Gained mutation: Your spells are a little easier to cast, but a little less powerful. [potion of mutation]
   134 | D        | Gained mutation: You expend magic power (3 MP) to strengthen your wands. [potion of mutation]
   135 | D        | Lost mutation: Your spells are a little easier to cast, but a little less powerful. [potion of mutation]
   135 | D        | Gained mutation: Armour fits poorly on your strangely shaped body. [potion of mutation]
   135 | D        | Gained mutation: You heal slowly when monsters are visible. [potion of mutation]
   136 | D        | Lost mutation: You expend magic power (3 MP) to strengthen your wands. [potion of cure mutation]
   136 | D        | Lost mutation: You heal slowly when monsters are visible. [potion of cure mutation]
   136 | D        | Lost mutation: Armour fits poorly on your strangely shaped body. [potion of cure mutation]
   154 | D        | Noticed a water elemental
   164 | D        | Mangled by a water elemental

Vault maps used:
D:        dungeon_sprint_mu

Action                   |  1- 3 |  4- 6 || total
-------------------------+-------+-------++-------
Melee: Dagger            |     7 |       ||     7
 Cast: Ensorcelled Hiber |     1 |       ||     1
       Dazzling Spray    |       |     2 ||     2
  Use: Scroll            |       |     3 ||     3
       Potion            |       |     3 ||     3
 Stab: Sleeping          |     5 |       ||     5
